AoeStats
← pommesbudenhans6

Arabian Desert

509342851Analyzed
1v1 RM · 6d ago on Sep 26, 2026· 33m 12s· 2 players
Game mode
Random Map
Map size
Tiny (2 player)
Population
200
Speed
Normal
Resources
Standard
Victory
Conquest
Starting age
Dark Age
Ending age
Imperial Age
RankedLock teamsTeams togetherTeam positionsShared explorationLock speedFull tech treeHidden civsTurbo modeCheats
Victory
Defeat
🇩🇪 Cumans · Germany
968
+17
🇺🇸 Saxons · United States
985
-17
pommesbudenhans6
3:02 Loom
9:53 Feudal Age
15:18 Double-Bit Axe
17:54 Horse Collar
19:03 Man-at-Arms
24:43 Gold Mining
29:03 Scale Mail Armor
28:52 Arson
30:33 Forging
35:21 Castle Age
drcardio4361
7:00 Loom
9:42 Feudal Age
14:19 Double-Bit Axe
16:42 Fletching
18:30 Horse Collar
21:52 Stone Mining
31:21 Castle Age
30:11 Gold Mining
32:10 Bodkin Arrow
Connection lost

Rejoining the realm…

Still unreachable

The connection could not be restored.

Session expired

The server has moved on; the page needs a fresh start.